 Dungeon Crawl Stone Soup version 0.31.0-11-ge490571c62 (webtiles) character file.

Game seed: 7156982843693865752

636 qw the Skirmisher (level 7, -1/40 HPs)
             Began as a Deep Elf Hunter on Feb 4, 2024.
             Succumbed to a water moccasin's poison
             ... on level 6 of the Dungeon.
             The game lasted 00:00:16 (3703 turns).

qw the Skirmisher (Deep Elf Hunter)                 Turns: 3703, Time: 00:00:17

Health: -1/40      AC:  9    Str: 10    XL:     7   Next: 25%
Magic:  9/9        EV: 13    Int: 14    God:
Gold:   158        SH:  0    Dex: 18    Spells: 6/6 levels left

rFire   . . .        b - +2 hand cannon (flame)
rCold   + . .        (no shield)
rNeg    . . .        e - +5 leather armour "Gaviog" {rC+}
rPois   .            (no helmet)
rElec   .            m - +0 cloak
rCorr   .            (no gloves)
SInv    +            (no boots)
Will    .....        j - amulet of faith
Stlth   ++           l - ring of see invisible
HPRegen 0.26/turn    (no ring)
MPRegen 0.11/turn

%: faith
@: lethally poisoned (-1 -> -21), about to teleport
A: no striking features
a: no special abilities


You were on level 6 of the Dungeon.
You visited 2 branches of the dungeon, and saw 7 of its levels.

You collected 158 gold pieces.


   Skills:
 - Level 2.2 Fighting
 + Level 10.7 Ranged Weapons
 - Level 4.0 Dodging
 - Level 1.2 Stealth


You had 6 spell levels left.
You didn't know any spells.
Your spell library was empty.

Inventory:

Hand Weapons
 b - a +2 hand cannon of flaming (weapon)
Armour
 e - the +5 leather armour "Gaviog" (worn) {rC+}
   (You found it on level 3 of the Dungeon)

   rC+:       It protects you from cold.
 m - a +0 cloak (worn)
Jewellery
 j - an amulet of faith (around neck)
 l - a ring of see invisible (left hand)
Potions
 a - a potion of mutation
 d - a potion of resistance
 g - 4 potions of curing
 h - 2 potions of heal wounds
 k - a potion of lignification {unknown}

Dungeon Overview and Level Annotations

Branches:
Dungeon (6/15)             Temple (1/1) D:5

Altars:
Elyvilon
Fedhas
Gozag
Hepliaklqana
Kikubaaqudgha
Makhleb
Nemelex Xobeh
Qazlal
Ru
Sif Muna
Vehumet
Xom
Yredelemnul
The Shining One

Shops:
D:2 [   D:4 *(


Message History

The bolt hits the orc but does no damage.
The orc hits you but does no damage. The orc barely misses you.
You shoot a bolt. The bolt hits the orc!
The bolt burns the orc.
You kill the orc!
You start resting.
HP restored.
You climb downwards.
The water moccasin bites you.
You are poisoned.
The water moccasin poisons you!
The orc wizard casts a spell.
The orc wizard flickers and vanishes for a moment.
The orc priest invokes the aid of Beogh against you.
You struggle to resist.
The water moccasin misses you.
There is a stone staircase leading up, spattered with blood here.
You shoot a bolt. The bolt hits the orc priest!
The bolt burns the orc priest.
You kill the orc priest!
You feel very sick. The water moccasin bites you. x2
The orc wizard casts a spell at you. The magic dart hits you!
The orc wizard casts a spell at you.
You easily resist.
You shoot a bolt. The bolt hits the orc wizard!
The bolt burns the orc wizard.
The orc wizard is severely wounded.
You feel very sick.
The water moccasin bites you but does no damage.
The orc wizard hits you but does no damage.
The orc wizard barely misses you. The water moccasin bites you.
You shoot a bolt. The bolt closely misses the orc wizard.
You feel very sick. The water moccasin bites you.
You are lethally poisoned!
The water moccasin poisons you!
The orc wizard hits you with a +0 dagger. x2
The water moccasin bites you.
The orc wizard hits you but does no damage. x2
3703 ||| READING scroll of teleportation.
As you read the scroll of teleportation, it crumbles to dust.
You feel strangely unstable.
You die...

... ......
.. #.... #..
#...##
.##..##....#
...........#
...........#
.......0)..#
......S@o.#
.##..##0o.#
# #....#
.....#
######


You could see a water moccasin and 2 orc wizards.

Vanquished Creatures
  An ogre (D:5)
  A gnoll bouda (D:5)
  2 orc priests
  A hound (D:4)
  5 orc wizards
  9 gnolls (D:5)
  8 adders
  A shadow imp (D:5)
  2 ufetubi (D:5)
  2 dart slugs
  3 ribbon worms
  19 orcs
  9 endoplasms
  5 giant cockroaches
  6 goblins
  7 hobgoblins
  7 kobolds
  3 quokkas
  5 ball pythons
  5 bats
  8 frilled lizards
  6 rats
115 creatures vanquished.

Notes
Turn   | Place    | Note
-------+----------+-------------------------------------------
     0 | D:1      | qw the Deep Elf Hunter began the quest for the Orb.
     0 | D:1      | Reached XP level 1. HP: 12/12 MP: 3/3
     0 | D:1      | 0 ||| qw: Version: 0.3-a-160-g6735b56
     0 | D:1      | 0 ||| qw: Game counter: 4411
     0 | D:1      | 0 ||| qw: Melee chars always use a shield: true
     0 | D:1      | 0 ||| qw: God list: Okawaru
     0 | D:1      | 0 ||| qw: Allow faded altars: false
     0 | D:1      | 0 ||| qw: Do Orc after clearing Dungeon:15 true
     0 | D:1      | 0 ||| qw: Do second Lair branch before Depths: true
     0 | D:1      | 0 ||| qw: Lair rune preference: random
     0 | D:1      | 0 ||| qw: Goals: Normal
     0 | D:1      | 0 ||| PLANNING D:1-11
    81 | D:1      | Found a faded altar of an unknown god.
   144 | D:1      | Reached skill level 6 in Ranged Weapons
   144 | D:1      | Reached XP level 2. HP: 16/16 MP: 4/4
   684 | D:1      | 684 ||| UPGRADING to +0 ring mail.
   694 | D:1      | 694 ||| DROPPING +0 leather armour.
   695 | D:1      | 695 ||| READING scroll labelled PIEGOO YXZATIODGH.
   700 | D:1      | 700 ||| READING scroll labelled YSHORY FOUMOEXT.
   801 | D:1      | 801 ||| DRINKING 4 bubbling cyan potions.
   802 | D:1      | 802 ||| DROPPING scroll of butterflies.
   819 | D:2      | Found a stormy altar of Qazlal.
   820 | D:2      | 820 ||| STAIRDANCE
   830 | D:2      | 830 ||| STAIRDANCE
   907 | D:2      | Reached XP level 3. HP: 20/20 MP: 5/5
   954 | D:2      | Reached skill level 7 in Ranged Weapons
   984 | D:2      | Found Ciewnus's Armour Boutique.
   996 | D:2      | 996 ||| SHOPLISTING +0 helmet (54 gold, have 24).
   996 | D:2      | 996 ||| SHOPLISTING +2 leather armour of cold resistance
                  | (228 gold, have 24).
  1200 | D:2      | 1200 ||| UPGRADING to +0 cloak.
  1205 | D:2      | 1205 ||| UPGRADING to amulet of faith.
  1210 | D:2      | 1210 ||| UPGRADING to ring of see invisible.
  1211 | D:2      | 1211 ||| READING scroll labelled TOSHET TEFUMU.
  1211 | D:2      | Identified a scroll of acquirement
  1211 | D:2      | 1211 ||| ACQUIRING +2 hand cannon of flaming
  1211 | D:2      | Acquired a +2 hand cannon of flaming
  1213 | D:2      | 1213 ||| SWAPPING to +2 hand cannon of flaming.
  1214 | D:2      | 1214 ||| DROPPING +0 shortbow.
  1215 | D:2      | 1215 ||| READING scroll labelled LORRAA FUEL.
  1216 | D:2      | 1216 ||| READING scroll labelled OHUYTZ ITHRU KERGH.
  1217 | D:2      | 1217 ||| DRINKING 2 amethyst potions.
  1218 | D:2      | 1218 ||| DROPPING potion of magic.
  1330 | D:3      | Reached XP level 4. HP: 22/25 MP: 6/6
  1466 | D:3      | Reached skill level 8 in Ranged Weapons
  1584 | D:3      | Identified the +5 leather armour "Gaviog" {rC+}
  1617 | D:3      | Found a burning altar of Makhleb.
  1617 | D:3      | Noticed a green death
  1729 | D:3      | 1729 ||| DRINKING 5 potions of curing.
  1729 | D:3      | 1729 ||| (to cure confusion)
  1734 | D:3      | Reached XP level 5. HP: 20/26 MP: 7/7
  1932 | D:3      | Found the +7 staff of the Meek {protect, meekguard}
  2080 | D:3      | 2080 ||| UPGRADING to +5 leather armour "Gaviog" {rC+}.
  2090 | D:3      | 2090 ||| DROPPING +0 ring mail.
  2091 | D:3      | 2091 ||| READING scroll labelled WUS ZAMOESCH.
  2192 | D:3      | 2192 ||| READING scroll labelled SINUON ONEYLO.
  2192 | D:3      | 2192 ||| IDENTIFYING coppery potion
  2251 | D:4      | Found Qaanut's Antique Weapon Boutique.
  2278 | D:4      | Found an opulent altar of Gozag.
  2282 | D:4      | Found Gozag's Platinum Reserve.
  2290 | D:4      | 2290 ||| SHOPLISTING amulet "Apsotz" {^Drain rC+ Regen+
                  | Str+4} (4680 gold, have 61).
  2290 | D:4      | 2290 ||| SHOPLISTING amulet of Sanyxt Johi {Faith rPois rC+
                  | Will+ SInv} (6800 gold, have 61).
  2290 | D:4      | 2290 ||| SHOPLISTING ring of Elyvilon, Hurting {rC+ Will+}
                  | (3900 gold, have 61).
  2320 | D:4      | Reached skill level 9 in Ranged Weapons
  2407 | D:4      | Found a white marble altar of Elyvilon.
  2483 | D:4      | Reached skill level 3 in Dodging
  2642 | D:4      | 2642 ||| READING scroll labelled TOSTUW ISUY.
  2652 | D:5      | Entered Level 5 of the Dungeon
  2656 | D:5      | 2656 ||| STAIRDANCE
  2680 | D:5      | 2680 ||| STAIRDANCE
  2685 | D:5      | 2685 ||| STAIRDANCE
  2689 | D:4      | Reached XP level 6. HP: 29/35 MP: 8/8
  2774 | D:5      | 2774 ||| FLEEEEING.
  2775 | D:5      | 2775 ||| FLEEEEING.
  2926 | D:5      | 2926 ||| DRINKING 4 potions of curing.
  2926 | D:5      | 2926 ||| (to cure confusion)
  2970 | D:5      | Reached skill level 10 in Ranged Weapons
  2970 | D:5      | Found a staircase to the Ecumenical Temple.
  2972 | D:5      | 2972 ||| PLANNING TEMPLE
  2972 | D:5      | 2972 ||| DRINKING 2 glowing puce potions.
  2982 | Temple   | Entered the Ecumenical Temple
  2983 | Temple   | 2983 ||| PLANNING D:1-11
  3038 | D:5      | Found a sacrificial altar of Ru.
  3125 | D:5      | Reached XP level 7. HP: 40/40 MP: 9/9
  3593 | D:5      | 3593 ||| READING scroll of identify.
  3593 | D:5      | 3593 ||| IDENTIFYING bubbling green potion
  3594 | D:5      | 3594 ||| READING scroll labelled NETOBIRH IZUX.
  3639 | D:6      | 3639 ||| STAIRDANCE
  3702 | D:6      | HP: 9/40 [water moccasin (4)]
  3702 | D:6      | HP: 4/40 [orc wizard/+0 dagger (3)]
  3703 | D:6      | 3703 ||| READING scroll of teleportation.
  3703 | D:6      | Succumbed to a water moccasin's poison

Levels and vault maps discovered:
D:1:      minmay_arrival_shattered_statue, layout_basic,
          chequers_ecumenical_altar_simple
D:2:      layout_rooms, basic_altar, serial_shops,
          nicolae_shop_just_a_little_nook
D:3:      layout_loops_ring, makhleb_altar_promises_db, pf_guarded_unrand_meek
D:4:      layout_rooms, elyvilon_altar_3, nicolae_gozag_zags_fifth_avenue,
          serial_shops, shop, minivault_27
D:5:      layout_cave_pods, nicolae_ru_the_path_less_chosen,
          minmay_temple_entry_large_hall, serial_glass, glass_columns_c,
          glass_columns_c
D:6:      layout_gridville, grunt_ashenzari_visionary
          [grunt_ashenzari_visionary_shoals, grunt_ashenzari_visionary_snake],
          grunt_decor_fettered, uniq_pikel
Temple:   hellmonk_temple_rainy

Skill      XL: |  1  2  3  4  5  6 |
---------------+-------------------+-----
Ranged Weapons | 6 7 8 9 10 | 10.7
Dodging        | 3 4 |  4.0
Fighting       | 2 |  2.2
Stealth        | |  1.2

Action                     |  1- 3 |  4- 6 |  7- 9 || total
---------------------------+-------+-------+-------++-------
   Fire: Shortbow          |    79 |       |       ||    79
         Hand cannon       |    14 |   126 |    20 ||   160
    Use: Scroll            |     5 |     3 |     3 ||    11
         Potion            |     2 |     3 |       ||     5
 Armour: Leather armour    |     3 |    20 |    22 ||    45
         Ring mail         |    26 |    44 |       ||    70
  Dodge: Dodged            |    26 |    52 |    14 ||    92

Table legend:
 A = Non-vault XP
 B = Vault XP
 C = Vault XP percentage of total XP
 D = Non-vault monster count
 E = Vault monster count
 F = Vault count percentage of total count
                 A         B        C        D         E       F
            +---------+---------+-------+---------+---------+-------
      Total |     853 |      56 |   6.2 |     110 |       5 |   4.3
            +---------+---------+-------+---------+---------+-------
        D:1 |      35 |       0 |   0.0 |      24 |       0 |   0.0
        D:2 |      35 |       0 |   0.0 |      14 |       0 |   0.0
        D:3 |     117 |      56 |  32.4 |      18 |       5 |  21.7
        D:4 |     131 |       0 |   0.0 |      21 |       0 |   0.0
        D:5 |     494 |       0 |   0.0 |      32 |       0 |   0.0
        D:6 |      41 |       0 |   0.0 |       1 |       0 |   0.0
            +---------+---------+-------+---------+---------+-------
